 Dungeon Crawl Stone Soup version 0.23.0-28-g6fe0f4d (webtiles) character file.

Game seed: 11235118048657585343

72 Borgoz the Ruffian (level 4, -1/37 HPs)
             Began as a Ghoul Warper on Feb 25, 2019.
             Slain by a worker ant (5 damage)
             ... on level 2 of the Dungeon.
             The game lasted 00:04:14 (1406 turns).

Borgoz the Ruffian (Ghoul Warper)                   Turns: 1406, Time: 00:04:14

Health: -1/37      AC:  4    Str: 14    XL:     4   Next: 26%
Magic:  6/6        EV: 12    Int:  8    God:
Gold:   91         SH:  0    Dex:  9    Spells: 7/7 levels left

rFire    . . .     SeeInvis .     - Unarmed
rCold    + . .     Gourm    .   (no shield)
rNeg     + + +     Faith    .   a - +0 leather armour
rPois    ∞         Spirit   .   (no helmet)
rElec    .         Reflect  .   (no cloak)
rCorr    .         Harm     .   (no gloves)
MR       .....                  r - +0 pair of boots
Stlth    +.........             (no amulet)
HPRegen  0.00/turn              (no ring)
MPRegen  0.10/turn              (no ring)

@: rotting
A: rotting body, claws 1, carnivore, cold resistance 1, negative energy
resistance 3, inhibited regeneration, torment resistance, unbreathing
a: no special abilities


You were on level 2 of the Dungeon.
You were not hungry.

You visited 1 branch of the dungeon, and saw 3 of its levels.

You collected 91 gold pieces.

Inventory:

Missiles
 d - 5 tomahawks of dispersal (quivered)
Armour
 a - a +0 leather armour (worn)
 n - a +0 cloak
 r - a +0 pair of boots (worn)
Scrolls
 c - a scroll of blinking
 j - a scroll of amnesia
Potions
 e - a potion of berserk rage
 h - 2 potions of degeneration {unknown}
 i - 2 potions of haste {unknown}
 k - a potion of flight {unknown}
 l - a potion of heal wounds {unknown}
 m - a potion of might {unknown}
 q - a potion of curing {unknown}
Comestibles
 f - 4 rations


   Skills:
 + Level 2.6 Fighting
 - Level 0.8 Throwing
 + Level 1.7 Armour
 + Level 2.3 Dodging
 + Level 3.1 Unarmed Combat
 + Level 2.2 Spellcasting
   Level 2.6 Translocations


You had 7 spell levels left.
You didn't know any spells.
Your spell library contained the following spells:

 Spells                   Type           Power        Failure   Level  Hunger
 Blink                    Tloc           N/A          22%         2    ###....
 Shroud of Golubria       Chrm/Tloc      #.........   36%         2    ###....
 Gell's Gravitas          Tloc           #.........   41%         3    ####...
 Lesser Beckoning         Tloc           #.........   41%         3    ####...
 Teleport Other           Tloc           #.......     41%         3    ####...
 Passage of Golubria      Tloc           N/A          82%         4    #####..


Dungeon Overview and Level Annotations

Branches:
Dungeon (3/15)

Altars:
Vehumet
Xom


Innate Abilities, Weirdness & Mutations

Your body is rotting away.
You thrive on raw meat.
You are immune to poison.
You have sharp fingernails.
You are carnivorous and can eat meat at any time.
Your flesh is cold resistant. (rC+)
You are immune to negative energy. (rN+++)
You do not regenerate when monsters are visible.
You are immune to unholy pain and torment.
You can survive without breathing.


Message History

You barely miss the frilled lizard. The worker ant bites you.
The leopard gecko misses you. The worker ant closely misses you.
The leopard gecko bites you.
* * * LOW HITPOINT WARNING * * *
Okay, then.
You claw the frilled lizard!
You kill the frilled lizard!
The worker ant bites you but does no damage.
The leopard gecko misses you.
You barely miss the worker ant.
The worker ant is moderately wounded.
The worker ant barely misses you.
You scratch the worker ant.
The worker ant is moderately wounded.
The worker ant bites you!
* * * LOW HITPOINT WARNING * * *
It was a potion of berserk rage.
You cannot raise a blood rage in your lifeless body.
The worker ant misses you. The worker ant bites you.
You die...

............#####..#..##..)##
............######.....[...#
# ..........#....#
##.#..###.# ###
..........####.# #.#.##
#.####.. ..........# #.##
#.#.# #......# ..#########
#..###...# #.....## #.#####
##>l##..## #.....# #.....##
##a##.)# #.....# #####..#
#@##..# #.....# ##.#
###.....# #.....# #.###
###......## ########
#...###........## #
####.......##.###..# #
##_##.##.####..#
##.########## #
##...####......##
#..).......### #8...8#
##.....# ##########..##
##...# #.....# ##...


You could see a worker ant and a leopard gecko.

Vanquished Creatures
  2 adders (D:2)
  A gnoll (D:1)
  An ooze (D:1)
  A leopard gecko (D:1)
  5 bats
  A giant cockroach (D:1)
  3 hobgoblins
  6 jackals
  4 kobolds (D:1)
  2 frilled lizards
  8 goblins
  6 rats
40 creatures vanquished.

Notes
Turn   | Place    | Note
-------+----------+-------------------------------------------
     0 | D:1      | Borgoz the Ghoul Warper began the quest for the Orb.
     0 | D:1      | Reached XP level 1. HP: 17/17 MP: 2/2
   119 | D:1      | Reached XP level 2. HP: 18/25 MP: 4/4
   150 | D:1      | Reached skill level 1 in Armour
   264 | D:1      | Reached XP level 3. HP: 23/30 MP: 5/5
   876 | D:2      | Found a radiant altar of Vehumet.
   883 | D:2      | Found a shimmering altar of Xom.
  1054 | D:2      | Reached skill level 3 in Unarmed Combat
  1054 | D:2      | Reached XP level 4. HP: 16/37 MP: 6/6
  1406 | D:2      | Slain by a worker ant

Skill      XL: |  1  2  3 |
---------------+----------+-----
Dodging        | 2 |  2.3
Spellcasting   | 2 |  2.2
Armour         | 1 |  1.7
Unarmed Combat | 3 |  3.1
Fighting       | |  2.6
Throwing       | |  0.8
Translocations | |  2.6

Action                   |  1- 3 |  4- 6 || total
-------------------------+-------+-------++-------
Melee: Unarmed           |   159 |    29 ||   188
       Punch             |     3 |       ||     3
  Use: Scroll            |       |     4 ||     4
       Potion            |       |     1 ||     1
  Eat: Chunk             |    10 |     2 ||    12
Armor: Leather armour    |    30 |     5 ||    35
Dodge: Dodged            |   132 |    31 ||   163
